 Dungeon Crawl Stone Soup version 0.31-a0-217-g58bb5d79cf (webtiles) character file.

Game seed: 6322122020045915651

104 qw the Shooter (level 4, -3/26 HPs)
             Began as a Gargoyle Hexslinger on July 2, 2023.
             Slain by a gnoll sergeant
             ... wielding a +0 spear
              (4 damage)
             ... on level 4 of the Dungeon.
             The game lasted 00:01:00 (2386 turns).

qw the Shooter (Gargoyle Hexslinger)                Turns: 2386, Time: 00:01:00

Health: -3/26      AC: 10    Str: 11    XL:     4   Next: 80%
Magic:  5/5        EV: 10    Int: 14    God:
Gold:   121        SH:  0    Dex: 14    Spells: 4/5 levels left

rFire   . . .        Y - +2 sling
rCold   . . .        (no shield)
rNeg    + . .        e - +0 ring mail
rPois   inf          (no helmet)
rElec   +            (no cloak)
rCorr   .            (no gloves)
SInv    .            c - +1 pair of boots
Will    .....        (no amulet)
Stlth   +            (no ring)
HPRegen 0.24/turn    (no ring)
MPRegen 0.09/turn

%: no passive effects
@: about to teleport
A: sickness immunity, AC +3, negative energy resistance 1, electricity
resistance, torment resistance 1, petrification resistance
a: no special abilities


You were on level 4 of the Dungeon.
You visited 1 branch of the dungeon, and saw 4 of its levels.

You collected 121 gold pieces.


Innate Abilities, Weirdness & Mutations

You are immune to sickness and miasma.
Your stone body is resilient. (AC +3)
You are immune to poison.
You resist negative energy. (rN+)
You are resistant to electric shocks. (rElec)
You are resistant to unholy torment.
You are immune to petrification.


   Skills:
 - Level 2.0 Fighting
 + Level 4.4 Ranged Weapons
 - Level 1.0 Armour
 - Level 1.5 Dodging
 - Level 1.0 Spellcasting
 - Level 2.6 Hexes


You had 4 spell levels left.
You knew the following spells:

 Your Spells              Type           Power      Damage    Failure   Level
a - Slow                  Hex            32%        N/A       21%         1

Your spell library contained the following spells:

 Spells                   Type           Power      Damage    Failure   Level
 Inner Flame              Hex/Fire       4%         N/A       71%         3
 Portal Projectile        Hex/Tloc       8%         N/A       71%         3
 Cause Fear               Hex            4%         N/A       90%         4

Inventory:

Hand Weapons
 Y - a +2 sling (weapon)
Armour
 c - a +1 pair of boots (worn)
 e - a +0 ring mail (worn)
Scrolls
 a - a scroll of identify
Potions
 d - a potion of enlightenment
 f - 2 potions of haste
 i - a potion of mutation

Dungeon Overview and Level Annotations

Branches:
Dungeon (4/15)
 Temple: D:4-7

Altars:
Dithmenos


Message History

The sling bullet closely misses the gnoll.
The gnoll hits you but does no damage.
You shoot a sling bullet. The sling bullet hits the gnoll.
The gnoll is moderately wounded.
You shoot a sling bullet. The sling bullet hits the gnoll.
The gnoll is severely wounded.
The gnoll hits you with a +0 club.
A gnoll sergeant comes into view. It is wielding a +0 spear.
The gnoll hits you with a +0 flail.
You shoot a sling bullet.
The sling bullet closely misses the gnoll.
The gnoll hits you with a +0 flail. The gnoll hits you but does no damage.
A gnoll comes into view. It is wielding a +0 flail.
The gnoll hits you but does no damage.
You shoot a sling bullet. The sling bullet hits the gnoll.
The gnoll is almost dead.
The gnoll closely misses you. The gnoll hits you but does no damage.
You shoot a sling bullet.
The sling bullet barely misses the gnoll.
The gnoll hits you with a +0 club.
The gnoll sergeant hits you but does no damage.
The gnoll closely misses you.
You shoot a sling bullet. The sling bullet hits the gnoll!
You kill the gnoll!
The gnoll hits you but does no damage.
The gnoll sergeant hits you from afar with a +0 spear.
The gnoll sergeant hits you from afar with a +0 spear!
The gnoll hits you with a +0 flail.
You shoot a sling bullet. The sling bullet hits the gnoll.
The gnoll is heavily wounded.
The gnoll sergeant misses you. The gnoll hits you but does no damage.
You shoot a sling bullet. The sling bullet hits the gnoll.
The gnoll is almost dead.
The gnoll hits you with a +0 flail.
The gnoll sergeant hits you from afar with a +0 spear.
2386 ||| READING scroll of teleportation.
As you read the scroll of teleportation, it crumbles to dust.
You feel strangely unstable.
The gnoll sergeant hits you from afar with a +0 spear.
You die...

#.###.#...#######.
#.##### #.# ##'##
##...## ##.....##
#.......##
#........g####...
+........@'gg.)..
#........)####...
##.......##
##.....## ##...##
##+#


You could see a gnoll sergeant and 2 gnolls.

Vanquished Creatures
  A gnoll (D:4)
  2 adders (D:2)
  3 worms (D:3)
  3 dart slugs
  4 orcs (D:3)
  3 ball pythons
  9 endoplasms
  4 giant cockroaches
  2 goblins
  2 hobgoblins (D:2)
  A jackal (D:3)
  9 kobolds
  2 quokkas (D:1)
  3 bats
  4 frilled lizards
  3 rats
55 creatures vanquished.

Notes
Turn   | Place    | Note
-------+----------+-------------------------------------------
     0 | D:1      | qw the Gargoyle Hexslinger began the quest for the Orb.
     0 | D:1      | Reached XP level 1. HP: 12/12 MP: 2/2
     0 | D:1      | 0 ||| qw: Version: 0.3-a-40-ge99b1a8
     0 | D:1      | 0 ||| qw: Game counter: 198
     0 | D:1      | 0 ||| qw: Melee chars always use a shield: true
     0 | D:1      | 0 ||| qw: God list: Okawaru
     0 | D:1      | 0 ||| qw: Allow faded altars: false
     0 | D:1      | 0 ||| qw: Do Orc after clearing Dungeon:15 true
     0 | D:1      | 0 ||| qw: Do second Lair branch before Depths: true
     0 | D:1      | 0 ||| qw: Lair rune preference: random
     0 | D:1      | 0 ||| qw: Goals: Normal
     0 | D:1      | 0 ||| PLANNING D:1-11
   108 | D:1      | Reached XP level 2. HP: 16/16 MP: 3/3
   399 | D:1      | Reached skill level 3 in Ranged Weapons
   422 | D:1      | Found a faded altar of an unknown god.
   758 | D:1      | 758 ||| READING 2 scrolls labelled HAIMOY AR SETZ.
   759 | D:1      | 759 ||| READING 2 scrolls labelled PAOTISIDGHA.
   762 | D:1      | 762 ||| DRINKING 2 metallic white potions.
   763 | D:1      | 763 ||| DRINKING 2 fizzy black potions.
   764 | D:1      | 764 ||| DRINKING 2 cyan potions.
   765 | D:1      | 765 ||| DROPPING scroll of poison.
   766 | D:1      | 766 ||| DROPPING potion of brilliance.
   921 | D:2      | Reached XP level 3. HP: 21/21 MP: 4/4
  1265 | D:2      | 1265 ||| READING scroll labelled XOUKHL FEFIA.
  1266 | D:2      | 1266 ||| READING scroll labelled FOGEWE ACLU.
  1267 | D:2      | 1267 ||| READING scroll labelled YXOKKAAVIF.
  1268 | D:2      | 1268 ||| READING 2 scrolls of identify.
  1268 | D:2      | 1268 ||| IDENTIFYING brown potion
  1269 | D:2      | 1269 ||| DROPPING potion of magic.
  1334 | D:3      | Reached XP level 4. HP: 26/26 MP: 5/5
  1417 | D:3      | Reached skill level 4 in Ranged Weapons
  1639 | D:3      | 1639 ||| UPGRADING to +0 ring mail.
  1662 | D:3      | 1662 ||| DROPPING +0 robe.
  1868 | D:3      | Reached skill level 1 in Armour
  1891 | D:3      | Found a shadowy altar of Dithmenos.
  2060 | D:3      | 2060 ||| READING 2 scrolls labelled GAYSSONINEDO.
  2061 | D:3      | 2061 ||| READING scroll labelled KUNEAJ OLIDA.
  2062 | D:3      | 2062 ||| READING scroll labelled ABER SIRHI.
  2063 | D:3      | 2063 ||| READING scroll labelled VOCVYISIDES.
  2064 | D:3      | 2064 ||| READING 2 scrolls of identify.
  2064 | D:3      | 2064 ||| IDENTIFYING yellow potion
  2098 | D:3      | HP: 4/26 [jackal (3)]
  2099 | D:3      | 2099 ||| READING 2 scrolls of teleportation.
  2099 | D:3      | HP: 1/26 [jackal (3)]
  2332 | D:3      | 2332 ||| UPGRADING to +0 pair of boots.
  2337 | D:3      | 2337 ||| READING scroll of enchant armour.
  2337 | D:3      | 2337 ||| ENCHANTING +0 pair of boots.
  2379 | D:4      | Noticed a gnoll sergeant
  2385 | D:4      | HP: 1/26 [gnoll sergeant/+0 spear (6)]
  2386 | D:4      | 2386 ||| READING scroll of teleportation.
  2386 | D:4      | Slain by a gnoll sergeant

Levels and vault maps discovered:
D:1:      dpeg_arrival_rooms_c, layout_basic, hellmonk_ecumenical_altar_zigzags,
          skrybe_limestone_x, hangedman_decor_points, supply_closet_lemuel
D:2:      layout_basic
D:3:      layout_loops_corners, nicolae_dithmenos_the_darkroom,
          minmay_quadrilaterals
D:4:      layout_loops_corners, nicolae_uskayaw_dance_hall

Skill      XL: |  1  2  3  4 |
---------------+-------------+-----
Ranged Weapons | 3 4 |  4.4
Fighting       | 2 |  2.0
Armour         | 1 |  1.0
Dodging        | |  1.5
Spellcasting   | |  1.0
Hexes          | |  2.6

Action                     |  1- 3 |  4- 6 || total
---------------------------+-------+-------++-------
   Fire: Sling             |   100 |   107 ||   207
    Use: Potion            |     3 |       ||     3
         Scroll            |     6 |     8 ||    14
 Armour: Robe              |    21 |     4 ||    25
         Ring mail         |       |    16 ||    16
  Dodge: Dodged            |    29 |    38 ||    67

Table legend:
 A = Non-vault XP
 B = Vault XP
 C = Vault XP percentage of total XP
 D = Non-vault monster count
 E = Vault monster count
 F = Vault count percentage of total count
                 A         B        C        D         E       F
            +---------+---------+-------+---------+---------+-------
      Total |     137 |      12 |   8.1 |      51 |       4 |   7.3
            +---------+---------+-------+---------+---------+-------
        D:1 |      22 |       0 |   0.0 |      11 |       0 |   0.0
        D:2 |      59 |       0 |   0.0 |      21 |       0 |   0.0
        D:3 |      42 |      12 |  22.2 |      18 |       4 |  18.2
        D:4 |      14 |       0 |   0.0 |       1 |       0 |   0.0
            +---------+---------+-------+---------+---------+-------
